AoeStats
← ÇEPNİ (UGR28)

Arabia

509713494Analyzed
1v1 RM · 3d ago on Sep 27, 2026· 52m 52s· 2 players
Game mode
Random Map
Map size
Tiny (2 player)
Population
200
Speed
Normal
Resources
Standard
Victory
Conquest
Starting age
Dark Age
Ending age
Imperial Age
RankedLock teamsTeams togetherTeam positionsShared explorationLock speedFull tech treeHidden civsTurbo modeCheats
Victory
Defeat
🇹🇷 Ethiopians · Türkiye
1062
+16
🇪🇸 Varangians · Spain
1068
-16
ÇEPNİ (UGR28)
6:57 Loom
9:18 Feudal Age
20:42 Castle Age
18:53 Double-Bit Axe
18:51 Horse Collar
19:15 Gold Mining
20:15 Fletching
21:11 Crossbowman
22:06 Bodkin Arrow
25:14 Squires
27:09 Padded Archer Armor
28:10 Leather Archer Armor
30:01 Scale Mail Armor
30:12 Forging
30:52 Ballistics
32:50 Thumb Ring
40:48 Imperial Age
40:26 Chain Mail Armor
40:46 Iron Casting
41:39 Bracer
41:00 Arbalester
41:47 Elite Shotel Warrior
43:00 Plate Mail Armor
43:30 Blast Furnace
43:50 Chemistry
45:26 Elite Skirmisher
53:09 Ring Archer Armor
DarthHugo96
6:35 Loom
9:18 Feudal Age
14:30 Double-Bit Axe
21:20 Castle Age
22:24 Elite Skirmisher
23:18 Bloodlines
23:04 Fletching
25:40 Wheelbarrow
24:50 Town Watch
25:44 Scale Barding Armor
25:35 Bodkin Arrow
26:08 Padded Archer Armor
26:44 Horse Collar
28:25 Husbandry
30:19 Chain Barding Armor
32:05 Hand Cart
33:06 Leather Archer Armor
34:00 Squires
36:52 Forging
37:38 Heavy Plow
37:48 Bow Saw
40:35 Imperial Age
42:08 Bracer
51:52 Ring Archer Armor
Connection lost

Rejoining the realm…

Still unreachable

The connection could not be restored.

Session expired

The server has moved on; the page needs a fresh start.